Map: 2000 Atmospheres LE

Players

Rex - Winner!

  • Race: Zerg Zerg

GogojOey

  • Race: Zerg Zerg

VOD

Have the link to the VOD?

Description

Time

  • Played on: Oct. 2, 2021, 8:08 a.m.
  • Length: 6:11
Show
View Real Time Build Order
Export as new Build Order

Rex Zerg - Winner!

Build Orders: Hatch First, Zergling Baneling 

Get SALT Encoding   

  12  0:00  Drone  
  13  0:13  Overlord  
  13  0:16  Drone  
  14  0:31  Drone  
  14  0:32  Drone  
  16  0:48  Hatchery  
  15  0:51  Drone  
  15  0:53  Drone  
  17  0:58  Drone  
  18  1:07  Extractor  
  17  1:13  Spawning Pool  
  17  1:16  Drone  
  17  1:19  Drone  
  18  1:28  Drone  
  19  1:39  Drone  
  20  1:50  Drone  
  21  2:00  Queen x2  
  25  2:01  Overlord  
  25  2:02  Drone  
  26  2:09  Evolution Chamber  
  26  2:13  Drone x2  
  27  2:22  Zergling x2  
  28  2:23  Drone  
  29  2:34  Hatchery  
  28  2:39  Zerg Melee Weapons Level 1  
  28  2:45  Drone  
  28  2:46  Metabolic Boost  
  28  2:50  Drone  
  28  2:51  Drone  
  31  2:56  Overlord  
  31  3:02  Drone x2  
  33  3:13  Baneling Nest  
  33  3:18  Zergling x10  
  37  3:27  Zergling x2  
  37  3:28  Zergling x6  
  41  3:35  Queen  
  43  3:45  Evolution Chamber  
  43  3:46  Zergling x4  
  44  3:52  Zergling x2  
  44  3:53  Zergling x10  
  50  3:58  Overlord  
  50  4:03  Overlord  
  50  4:14  Baneling x7  
  46  4:25  Zergling x14  
  46  4:29  Zergling x2  
  46  4:30  Zergling x2  
  51  4:32  Zergling x2  
  45  4:41  Zergling x2  
  45  4:42  Zergling x2  
  45  4:44  Zergling x6  
  48  4:51  Zergling x6  
  48  4:52  Baneling x2  
  50  4:53  Zergling x2  
  51  5:00  Zergling x2  
  51  5:01  Zergling x2  
  51  5:02  Zergling x2  
  51  5:03  Zergling x2  
  51  5:05  Zergling x2  
  54  5:07  Zergling x2  
  54  5:11  Zergling x4  
  53  5:14  Zergling x2  
  53  5:19  Zergling x2  
  53  5:20  Zergling x2  
  54  5:25  Zergling x4  
  54  5:26  Baneling  
  54  5:29  Zergling x2  
  54  5:33  Zergling x4  
  53  5:35  Baneling  
  53  5:36  Baneling, Zergling x2  
  53  5:41  Zergling x4  
  53  5:42  Zergling x2  
  56  5:44  Baneling  
Show
View Real Time Build Order
Export as new Build Order

GogojOey Zerg 

Build Orders: Hatch First 

Get SALT Encoding   

  12  0:00  Drone  
  13  0:12  Overlord  
  13  0:17  Drone  
  14  0:30  Drone x2  
  16  0:47  Hatchery  
  15  0:51  Drone  
  15  0:55  Drone  
  17  0:58  Drone  
  18  1:09  Extractor  
  17  1:13  Spawning Pool  
  17  1:16  Drone  
  17  1:20  Drone  
  18  1:28  Drone  
  19  1:38  Drone  
  20  1:49  Drone  
  21  1:59  Overlord  
  21  2:00  Queen x2  
  21  2:01  Zergling x2  
  26  2:09  Metabolic Boost  
  26  2:10  Drone  
  26  2:11  Drone  
  28  2:21  Drone  
  28  2:22  Drone  
  30  2:34  Hatchery  
  29  2:37  Drone  
  29  2:39  Drone  
  31  2:50  Baneling Nest  
  31  2:51  Queen  
  30  2:57  Overlord  
  32  3:01  Drone x2  
  32  3:04  Drone  
  35  3:11  Drone  
  36  3:16  Drone x3  
  36  3:18  Zergling x2  
  40  3:23  Drone, Evolution Chamber  
  40  3:27  Overlord  
  40  3:28  Drone  
  40  3:33  Baneling  
  41  3:35  Zergling x2  
  41  3:36  Drone x2  
  44  3:47  Lair  
  44  3:48  Roach Warren  
  43  3:51  Zerg Missile Weapons Level 1  
  43  3:52  Drone x2  
  43  3:55  Drone  
  45  3:59  Drone x3  
  48  4:03  Zergling x2  
  48  4:04  Baneling  
  48  4:06  Drone  
  48  4:07  Zergling x2  
  51  4:10  Zergling x4  
  51  4:14  Zergling x4  
  51  4:15  Extractor  
  51  4:16  Extractor  
  52  4:26  Zergling x12  
  56  4:32  Roach  
  55  4:39  Zergling x4, Roach  
  51  4:53  Roach  
  51  4:54  Zergling x2, Roach x2  
  58  5:06  Zergling x2  
  57  5:08  Queen  
  57  5:10  Zergling x4, Queen  
  57  5:11  Zergling x2  
  57  5:13  Baneling  
  58  5:16  Roach  
  54  5:22  Zergling x4, Roach  
  54  5:26  Zergling x4, Roach  
  54  5:27  Queen  
  56  5:31  Roach  
  56  5:33  Roach  
  53  5:37  Roach  
Tags
 
Add a new tag
Caveats
  • Supply blocks, unpowered buildings, or Contaminate may cause inaccurate times.
  • Supply counts are checked every 10 seconds.